 Dungeon Sprint DCSS version 0.26-a0-1026-g544776af23 (webtiles) character file.

Game seed: 14179887284574016963

1 sahdkjhfkaj the Gusty (level 1, -2/10 HPs)
             Began as a Tengu Air Elementalist on Dec 9, 2020.
             Slain by a gnoll
             ... wielding a +0 whip
              (12 damage)
             ... in the Dungeon (Sprint IX: "|||||||||||||||||||||||||||||").
             The game lasted 00:00:03 (6 turns).

sahdkjhfkaj the Gusty (Tengu Air Elementalist)         Turns: 6, Time: 00:00:04

Health: -2/10      AC:  2    Str:  8    XL:     1   Next: 20%
Magic:  2/4        EV: 12    Int: 15    God:
Gold:   0          SH:  0    Dex: 14    Spells: 3/4 levels left

rFire    . . .     SeeInvis .   (no weapon)
rCold    . . .     Faith    .   (no shield)
rNeg     . . .     Spirit   .   a - +0 robe
rPois    .         Reflect  .   (helmet restricted)
rElec    .         Harm     .   (no cloak)
rCorr    .         Rampage  .   (no gloves)
Will     .....     NoTele   +   (boots unavailable)
Stlth    ++........             (no amulet)
HPRegen  0.03/turn              (no ring)
MPRegen  0.09/turn              (no ring)

@: no status effects
A: beak, talons 3
a: no special abilities


You were in the Dungeon.
You visited 1 branch

Inventory:

Armour
 a - a +0 robe (worn)
Scrolls
 h - a scroll of blinking {@r4}
Potions
 c - a potion of curing {@q1}
 d - a potion of heal wounds {@q2}
 e - a potion of haste {@q3}
 f - 2 potions of magic
 g - a potion of berserk rage


   Skills:
 - Level 2.1 Dodging
 - Level 2.0 Stealth
 - Level 2.0 Spellcasting
 + Level 3.1 Conjurations
 - Level 4.0 Air Magic


You had 3 spell levels left.
You knew the following spells:

 Your Spells              Type           Power        Failure   Level
a - Shock                 Conj/Air       ##..         4%          1

Your spell library contained the following spells:

 Spells                   Type           Power        Failure   Level
 Swiftness                Air            ##......     6%          2
 Static Discharge         Conj/Air       ##......     16%         3
 Airstrike                Air            ##........   38%         4
 Lightning Bolt           Conj/Air       ##........   80%         5


Dungeon Overview and Level Annotations

Branches:
Dungeon (1/1)

Altars:


Innate Abilities, Weirdness & Mutations

You have a beak for a mouth.
You have claws for feet.


Message History

You kill the frilled lizard!
The zap hits the frilled lizard.
The frilled lizard is heavily wounded.
The zap hits the frilled lizard.
You kill the frilled lizard!
The gnoll barely misses you.
Your Conjurations skill gained 2 levels and is now at level 3!
Casting: Shock (safe; 4% risk of failure)
Confirm with . or Enter, or press ? or * to list all spells.
Aiming: Shock (safe; 4% risk of failure)
Press: ? - help, Shift-Dir - straight line The zap hits the gnoll.
The gnoll is severely wounded.
The zap hits the dart slug.
The dart slug is heavily wounded.
The zap hits the giant cockroach.
You kill the giant cockroach!
The gnoll hits you with a +0 whip!
Ouch! That really hurt!
You die...

▓+▓
▓†▓
▓.▓
▓.▓
▓w▓
▓g▓
▓@▓
▓.▓
▓.▓
▓.▓
▓<▓
▓▓▓


You could see a gnoll and a dart slug.

Vanquished Creatures
  A giant cockroach (D)
  2 frilled lizards (D)
3 creatures vanquished.

Notes
Turn   | Place    | Note
-------+----------+-------------------------------------------
     0 | D        | sahdkjhfkaj the Tengu Air Elementalist began the quest for
                  | the Orb.
     0 | D        | Reached XP level 1. HP: 10/10 MP: 4/4
     6 | D        | Slain by a gnoll

Illustrated notes

Levels and vault maps discovered:
D:        linesprint [early_d, line_temple, items_1, d_10, items_2, lair_1,
          lair_end, items_3, orc_1, orc_end, items_4, d_15, swamp_1, shoals_1,
          snake_1, spider_1, d_20, vaults_1, items_5, swamp_end, shoals_end,
          snake_end, spider_end, vaults_end, d_27, items_6, zot_1, zot_end,
          crypt_end, forest_end, elf_end, slime_end, tomb_end, abyss_end,
          pan_hell_end]

Skill      XL: |  1 |
---------------+----+-----
Conjurations   | 3 |  3.1
Dodging        | |  2.1
Stealth        | |  2.0
Spellcasting   | |  2.0
Air Magic      | |  4.0

Action                   || total
-------------------------++-------
 Cast: Shock             ||     2
Dodge: Dodged            ||     1

Table legend: (Time is in decaauts)
 A = Elapsed time spent in this place.
 B = Non-inter-level travel time spent in this place.
 C = Inter-level travel time spent in this place.
 D = Time resting spent in this place.
 E = Time spent auto-exploring this place.
 F = Levels seen in this place.
 G = Mean time per level.
                   A        B        C        D        E       F      G
               +--------+--------+--------+--------+--------+-----+--------+
         Total |      6 |      6 |      0 |      0 |      3 |   1 |    6.0 |
       Dungeon |      6 |      6 |      0 |      0 |      3 |   1 |    6.0 |
               +--------+--------+--------+--------+--------+-----+--------+

Top non-repeatable levels by time:
       D: 6 daAuts
